 Dungeon Crawl Stone Soup version 0.23.2 (webtiles) character file.

Game seed: 15153199710907878421

1255 Menchi the Cleaver (level 8, -3/71 HPs)
             Began as a Minotaur Fighter on Apr 8, 2019.
             Was an Initiate of Makhleb.
             Slain by a troll (6 damage)
             ... on level 10 of the Dungeon.
             The game lasted 00:12:31 (5899 turns).

Menchi the Cleaver (Minotaur Fighter)               Turns: 5899, Time: 00:12:32

Health: -3/71      AC:  7    Str: 26 (28) XL:     8   Next: 26%
Magic:  7/7        EV: 12    Int: -3 (0)  God:    Makhleb [......]
Gold:   190        SH:  0    Dex:  5      Spells: 7/7 levels left

rFire    . . .     SeeInvis .   d - +3 rapier "Transmigrator" {freeze, rN+ Str+4 Int-5 Dex-4} (curse)
rCold    . . .     Gourm    .   (no shield)
rNeg     + . .     Faith    .   q - +3 leather armour
rPois    .         Spirit   .   (helmet restricted)
rElec    .         Reflect  .   (no cloak)
rCorr    .         Harm     .   a - +0 pair of gloves
MR       .....                  (no boots)
Stlth    +.........             l - amulet of rage
HPRegen  0.21/turn              (no ring)
MPRegen  0.10/turn              (no ring)

@: slowed, lost intelligence, very slow
A: retaliatory headbutt, horns 2
a: Renounce Religion, Evoke Berserk Rage


You were on level 10 of the Dungeon.
You worshipped Makhleb.
Makhleb was noncommittal.
You were hungry.

You visited 1 branch of the dungeon, and saw 10 of its levels.

You collected 190 gold pieces.

Inventory:

Hand Weapons
 d - the cursed +3 rapier "Transmigrator" (weapon) {freeze, rN+ Str+4 Int-5 Dex-4}
   (You found it on level 5 of the Dungeon)

   It has been specially enchanted to freeze those struck by it, causing extra
   injury to most foes and up to half again as much damage against particularly
   susceptible opponents.
   It can also slow down cold-blooded creatures.
   It affects your strength (+4).
   It affects your intelligence (-5).
   It affects your dexterity (-4).
   It protects you from negative energy.
   It has a curse placed upon it.
 o - a +3 hand axe of electrocution
Armour
 a - a +0 pair of gloves (worn)
 q - a +3 leather armour (worn)
Jewellery
 l - an amulet of rage (around neck)
Scrolls
 e - 2 scrolls of fog {unknown}
 h - a scroll of fear {unknown}
 i - a scroll of blinking {unknown}
 j - 4 scrolls of teleportation {unknown}
 m - a scroll of amnesia {unknown}
 p - 3 scrolls of identify {unknown}
 s - a scroll of immolation {unknown}
Potions
 c - 4 potions of curing
 g - 2 potions of lignification
 k - 2 potions of magic
 n - a potion of haste
Comestibles
 f - 10 rations


   Skills:
 * Level 6.8 Fighting
 + Level 0.4 Short Blades
 * Level 9.0 Axes
 + Level 5.1 Armour
 * Level 3.9 Dodging
   Level 3.6 Shields


You had 7 spell levels left.
You didn't know any spells.
Your spell library was empty.

Dungeon Overview and Level Annotations

Branches:
Dungeon (10/15)
 Temple: D:4-7         Lair: D:8-11         Orc: D:9-12

Altars:
Elyvilon
Fedhas
Kikubaaqudgha
Makhleb
Ru
Zin

Shops:
D:5 [*


Innate Abilities, Weirdness & Mutations

You reflexively headbutt those who attack you in melee.
You have a pair of horns on your head.


Message History

You headbutt the troll, but do no damage.
The troll completely misses you. The troll closely misses you.
You hit the troll. You freeze the troll.
The troll is moderately wounded.
The troll closely misses you. The troll claws you.
* * * LOW HITPOINT WARNING * * *
The troll barely misses you. The troll bites you but does no damage.
The troll closely misses you. The troll claws you but does no damage.
You barely miss the troll. Your headbutt misses the troll.
The troll is moderately wounded.
The troll bites you but does no damage. The troll barely misses you.
The troll claws you!
* * * LOW HITPOINT WARNING * * *
The troll bites you but does no damage. The troll claws you but does no damage.
The troll claws you.
* * * LOW HITPOINT WARNING * * *
You barely miss the troll.
The troll is moderately wounded.
The troll bites you.
You die...

#.# #.# #.# #####+# #.#
....... #######.####
....... #..........#
.......
#..........#####.......
#......<...##..@T......
.>............##.......
#..........#### .......
#....(.).>.# .......
#.........!# .......
#..........# ..$....
############ .......
.......


You could see a troll.

Vanquished Creatures
  A hungry ghost (D:9)
  Menkaure (D:5)
  A black bear (D:5)
  A sky beast (D:5)
  A phantom (D:4)
  A centaur (D:4)
  2 crimson imps
  A centaur zombie (D:5)
  A jelly (D:5)
  3 orc priests
  3 orc wizards
  A bullfrog skeleton (D:3)
  An iguana (D:6)
  2 worker ants
  3 gnolls (D:4)
  5 adders
  A shadow imp (D:8)
  2 adder skeletons (D:4)
  3 dart slugs
  5 leopard geckos
  35 orcs
  2 ball pythons
  7 bats
  2 giant cockroaches
  14 hobgoblins
  8 jackals
  2 quokkas (D:5)
  A ball python skeleton (D:4)
  2 frilled lizards (D:4)
  11 goblins
  10 kobolds
  A quokka skeleton (D:4)
  8 rats
142 creatures vanquished.

Notes
Turn   | Place    | Note
-------+----------+-------------------------------------------
     0 | D:1      | Menchi the Minotaur Fighter began the quest for the Orb.
     0 | D:1      | Reached XP level 1. HP: 19/19 MP: 0/0
   308 | D:1      | Reached XP level 2. HP: 27/27 MP: 1/1
   997 | D:2      | Reached skill level 3 in Axes
  1044 | D:2      | Reached skill level 1 in Dodging
  1044 | D:2      | Reached XP level 3. HP: 33/33 MP: 2/2
  1106 | D:2      | Found an ancient bone altar of Kikubaaqudgha.
  1400 | D:3      | Reached XP level 4. HP: 38/41 MP: 3/3
  1407 | D:3      | Reached skill level 4 in Axes
  1611 | D:3      | Reached XP level 5. HP: 13/47 MP: 4/4
  1900 | D:3      | Found a white marble altar of Elyvilon.
  2410 | D:4      | Reached skill level 5 in Fighting
  2465 | D:4      | Reached skill level 5 in Axes
  2790 | D:4      | Reached XP level 6. HP: 56/56 MP: 5/5
  3056 | D:4      | Found a sacrificial altar of Ru.
  3074 | D:4      | Reached skill level 6 in Axes
  3306 | D:4      | Reached XP level 7. HP: 6/61 MP: 6/6
  3684 | D:4      | Reached skill level 7 in Axes
  3753 | D:4      | Found a burning altar of Makhleb.
  3758 | D:4      | Became a worshipper of Makhleb the Destroyer
  3785 | D:4      | Found a sacrificial altar of Ru.
  3787 | D:4      | Found a blossoming altar of Fedhas.
  3788 | D:4      | Found a glowing silver altar of Zin.
  3907 | D:5      | Entered Level 5 of the Dungeon
  3984 | D:5      | Found Pucouh's Antique Armour Shop.
  4279 | D:5      | Reached skill level 8 in Axes
  4310 | D:5      | Noticed Menkaure
  4315 | D:5      | Killed Menkaure
  4495 | D:5      | Got a dazzling rapier
  4496 | D:5      | Lost intelligence.
  4496 | D:5      | Identified the cursed +3 rapier "Transmigrator" {freeze,
                  | rN+ Str+4 Int-5 Dex-4} (You found it on level 5 of the
                  | Dungeon)
  4502 | D:5      | Found Caseng's Elemental Accessories.
  5234 | D:5      | Paralysed by fainting for 12 turns
  5248 | D:5      | Paralysed by fainting for 9 turns
  5491 | D:5      | Reached skill level 5 in Armour
  5491 | D:5      | Reached XP level 8. HP: 61/71 MP: 7/7
  5867 | D:9      | Paralysed by fainting for 5 turns
  5876 | D:9      | Reached skill level 9 in Axes
  5884 | D:10     | Entered Level 10 of the Dungeon
  5892 | D:10     | Noticed a troll
  5898 | D:10     | HP: 2/71 [troll (3)]
  5899 | D:10     | Slain by a troll

Skill      XL: |  1  2  3  4  5  6  7  8 |
---------------+-------------------------+-----
Fighting       | 4 5 6 |  6.8
Axes           | 3 4 5 6 8 9 |  9.0
Dodging        | 1 2 3 |  3.9
Armour         | 4 5 |  5.1
Short Blades   | |  0.4
Shields        | |  3.6

Action                   |  1- 3 |  4- 6 |  7- 9 || total
-------------------------+-------+-------+-------++-------
Melee: War axe           |    46 |    88 |       ||   134
       Headbutt          |     5 |    22 |    11 ||    38
       Hand axe          |       |    72 |    48 ||   120
       Rapier            |       |       |    33 ||    33
  Use: Scroll            |     1 |     1 |       ||     2
       Potion            |       |     1 |     6 ||     7
 Stab: Distracted        |       |       |     1 ||     1
  Eat: Chunk             |     1 |     7 |     5 ||    13
       Ration            |       |       |     2 ||     2
Armor: Scale mail        |    31 |    49 |       ||    80
       Leather armour    |       |     7 |    34 ||    41
Dodge: Dodged            |    28 |    70 |    58 ||   156
